 Dungeon Crawl Stone Soup version 0.19.0-24-gb05acd6 (webtiles) character file.

139028 Monsterracer the Executioner (level 16, -14/157 HPs)
             Began as a Minotaur Berserker on Nov 20, 2016.
             Was a High Priest of Trog.
             Blown up by an orb spider (35 damage)
             ... with an orb of destruction
             ... on level 4 of the Spider Nest on Nov 21, 2016.
             The game lasted 01:08:23 (23664 turns).

Monsterracer the Executioner (Minotaur Berserker)  Turns: 23664, Time: 01:08:23

Health: -14/157    AC: 32    Str: 21    XL:     16   Next: 72%
Magic:  15/15      EV:  9    Int:  4    God:    Trog [*****.]
Gold:   772        SH:  0    Dex: 18    Spells: 0 memorised, 15 levels left

rFire  + . .     SeeInvis .     N - +6 executioner's axe (flame)
rCold  . . .     Gourm    .     K - +5 plate armour of the Demon Prince {rN++ MR- Stlth+}
rNeg   + + +     Faith    .     (shield currently unavailable)
rPois  +         Spirit   .     (helmet restricted)
rElec  +         Reflect  .     q - +2 cloak {rPois}
rCorr  +         Harm     .     F - +2 pair of gloves
MR     ++...                    M - +0 pair of boots
Stlth  ..........               L - amulet of regeneration
                                l - ring of resist corrosion
                                J - ring of positive energy

@: lethally poisoned (-14 -> -15), exhausted, regenerating, slowed, very slow
A: retaliatory headbutt, hooves 1, horns 2, fire resistance 1, electricity
resistance
a: Berserk, Trog's Hand, Brothers in Arms, Burn Spellbooks, Renounce Religion


You were on level 4 of the Spider Nest.
You worshipped Trog.
Trog was extremely pleased with you.
You were not hungry.

You visited 4 branches of the dungeon, and saw 22 of its levels.
You also visited: Ossuary and Ice Cave.

You collected 2063 gold pieces.
You spent 1291 gold pieces at shops.

Inventory:

Hand Weapons
 m - a +1 antimagic executioner's axe
 N - a +6 executioner's axe of flaming (weapon)
Armour
 q - a +2 cloak of poison resistance (worn)
 F - a +2 pair of gloves (worn)
 K - the +5 plate armour of the Demon Prince (worn) {rN++ MR- Stlth+}
   (You bought it in a shop on level 9 of the Dungeon)

   It greatly protects you from negative energy.
   It affects your resistance to hostile enchantments.
   It makes you more stealthy.
 M - a +0 pair of boots (worn)
Jewellery
 a - an uncursed ring of protection from fire
 d - an uncursed ring of flight
 e - an uncursed ring of poison resistance
 g - a +4 ring of dexterity
 i - an uncursed ring of protection from cold
 l - a ring of resist corrosion (right hand)
 o - an uncursed ring of see invisible
 J - a ring of positive energy (left hand)
 L - an amulet of regeneration (around neck)
Scrolls
 b - 4 scrolls of enchant weapon
 f - 7 scrolls of identify
 h - 2 scrolls of enchant armour
 t - 3 scrolls of magic mapping
 u - 4 scrolls of fog
 v - a scroll of blinking
 w - 8 scrolls of teleportation
 x - 2 scrolls of recharging
 y - 5 scrolls of remove curse
Potions
 j - 2 potions of haste
 n - 2 potions of flight
 r - 2 potions of ambrosia
 s - a potion of cure mutation
 z - 5 potions of curing
 C - 4 potions of agility
 D - a potion of resistance
 E - 2 potions of invisibility
 H - a potion of beneficial mutation
Comestibles
 c - 17 bread rations
 k - 4 meat rations
 p - 2 slices of pizza
 B - 13 fruits
 G - 2 royal jellies
 I - 20 beef jerkies


   Skills:
 + Level 18.0 Fighting
 * Level 23.2 Axes
 + Level 17.2 Armour
 - Level 2.1 Dodging


You had 15 spell levels left.
You didn't know any spells.

Dungeon Overview and Level Annotations

Branches:
Dungeon (10/15)            Temple (0/1) D:7            Lair (6/6) D:9
 Shoals (0/4) Lair:2       Spider (4/4) Lair:2        Slime (0/5) Lair:6
    Orc (2/2) D:10            Elf (0/3) Orc:2

Altars:
Ashenzari
Okawaru

Shops:
D:9 *(   Orc:2 *:!:

Annotations:
D:9 +15 rCorr rElec MR+ 4000
Spider:2 1 exclusion


Innate Abilities, Weirdness & Mutations

You reflexively headbutt those who attack you in melee.
You have a pair of horns on your head.
You have large cloven feet.
Your flesh is heat resistant. (rF+)
You are resistant to electric shocks. (rElec)


Message History

The orb spider pulsates with a strange energy.
This raw flesh tastes terrible.
You feel very sick.
Your hill giant hits the orb spider with a giant club!
You swap places.
You feel sick.
Your hill giant rages.
A tarantella comes into view.
You feel sick.
The orb spider weaves a glowing orb of energy.
Your hill giant hits the orb spider with a giant club!!
An orb of destruction comes into view.
You feel sick.
Your hill giant hits the orb spider with a giant club!!
The orb spider dies!
Trog accepts your kill.
You see here the guardian serpent corpse of Aizul.
You are too injured to fight recklessly!
You feel the effects of Trog's Hand fading.
You feel sick. The orb of destruction hits you!
You die...

........#..)...##
...............#
##.............####
#....^.....#...#^^#
#..........#.#.#..##
#..C§.....#.......###
#.#.§s............^^#
##....§..#..........##
#.....@..#.#.#..#...#
###....††.#.......^.##
##.....†#...........^#
#.............#....^##
..#...††......<####.##
#.......##....## ###
...^.#..#######
..#...... ......#..


You could see a tarantella and a friendly hill giant (berserk).

Vanquished Creatures
  Arachne (Spider:3)
  Roxanne (Spider:3)
  Kirke (Lair:6)
  A frost giant (IceCv)
  An orc warlord (Orc:2)
  Aizul (Spider:4)
  A ghost moth (Spider:2)
  An emperor scorpion (Spider:4)
  4 entropy weavers
  Azrael (Spider:3)
  A spark wasp (Spider:1)
  2 centaur warriors (Orc:2)
  4 hydras
  12 death yaks
  A queen ant (Spider:4)
  2 orc high priests
  The ghost of Apogee the Cleaver, a novice MiFi of Okawaru (D:7)
  An oklob plant (Lair:6)
  5 orc knights
  4 orc sorcerers
  26 wolf spiders
  15 orb spiders
  A guardian serpent (Lair:6)
  10 elephants (Lair:6)
  2 ice statues
  12 black mambas
  The ghost of Zorot the Shield-Bearer, a novice FoFi (D:4)
  A torpor snail (Spider:1)
  15 spiny frogs
  4 centaur skeletons
  4 rime drakes
  9 komodo dragons
  10 demonic crawlers
  2 hellwings (D:9)
  A freezing wraith (Lair:2)
  26 polar bears
  3 trolls
  5 hornets
  The ghost of Apogee the Archer, an amateur CeHu of Okawaru (D:6)
  Grinder (D:3)
  21 jumping spiders
  2 two-headed ogres
  30 blink frogs
  10 hippogriffs
  7 raiju (Lair:6)
  A snapping turtle (Lair:2)
  7 dream sheep (Lair:6)
  32 tarantellas
  41 yaks
  56 redbacks
  A vampire (D:10)
  9 wyverns
  3 fire elementals (Spider:3)
  Eustachio (D:4)
  3 basilisks
  6 hogs (Lair:6)
  11 soldier ants (Spider:4)
  8 wargs
  Duvessa (D:4)
  19 water moccasins
  8 porcupines
  7 hell hounds
  29 orc warriors
  A hornet zombie (D:9)
  9 ice beasts
  14 black bears
  8 ogres
  30 wolves
  4 boggarts (Lair:4)
  10 centaurs
  15 crocodiles
  8 bullfrogs
  A water moccasin skeleton (D:5)
  A wyvern skeleton (D:9)
  2 scorpions
  Dowan (D:4)
  2 electric eels
  10 wights
  6 crimson imps
  A bullfrog zombie (D:9)
  6 centaur zombies
  A quasit (D:5)
  2 jellies
  5 orc priests
  Crazy Yiuf (D:4)
  A gnoll shaman (D:4)
  21 hounds
  15 orc wizards
  23 worker ants
  A big kobold zombie (Ossuary)
  A hound skeleton (D:8)
  6 mummies
  2 howler monkey skeletons
  Robin (D:3)
  9 gnolls
  19 adders
  4 river rats (D:9)
  8 shadow imps
  2 white imps (Lair:2)
  A worm (D:2)
  4 dart slugs
  8 leopard geckos
  59 orcs
  8 giant cockroaches
  16 goblins
  17 hobgoblins
  7 jackals
  10 kobolds
  4 quokkas
  2 ball pythons
  10 bats
  5 frilled lizards
  A gnoll zombie (Ossuary)
  2 goblin zombies
  3 hobgoblin zombies (Ossuary)
  2 kobold zombies
  16 rats
  8 fungi
  7 plants (Lair:6)
949 creatures vanquished.

Vanquished Creatures (collateral kills)
  2 orb spiders
  An orc knight (Orc:2)
  A wolf spider (Spider:4)
  3 jumping spiders (Spider:1)
  2 redbacks (Spider:1)
  A tarantella (Spider:1)
  9 orc warriors (Orc:2)
  2 centaurs (Orc:2)
  2 orcs (Orc:2)
23 creatures vanquished.

Vanquished Creatures (others)
  A human (Lair:6)
  An orc (Orc:2)
  9 fungi
  34 plants
45 creatures vanquished.

Grand Total: 1017 creatures vanquished

Notes
Turn   | Place    | Note
-------+----------+-------------------------------------------
     0 | D:1      | Monsterracer the Minotaur Berserker began the quest for the Orb.
     0 | D:1      | Reached XP level 1. HP: 19/19 MP: 0/0
    33 | D:1      | Gained mutation: You are somewhat resistant to further mutation. [potion of beneficial mutation]
    62 | D:1      | Reached skill level 4 in Axes
   165 | D:1      | Reached XP level 2. HP: 25/26 MP: 1/1
   346 | D:1      | Reached ** piety under Trog
   476 | D:1      | Reached skill level 5 in Axes
   760 | D:1      | Reached XP level 3. HP: 31/31 MP: 2/2
  1573 | D:2      | Reached skill level 6 in Axes
  1573 | D:2      | Reached XP level 4. HP: 26/39 MP: 3/3
  1840 | D:2      | Found a shattered altar of Ashenzari.
  2030 | D:2      | Reached skill level 7 in Axes
  2030 | D:2      | Reached XP level 5. HP: 45/45 MP: 4/4
  2378 | D:3      | Reached *** piety under Trog
  2534 | D:3      | Noticed Grinder
  2540 | D:3      | Killed Grinder
  2540 | D:3      | Reached skill level 9 in Axes
  2540 | D:3      | Reached XP level 6. HP: 51/51 MP: 5/5
  2734 | D:3      | Noticed Robin
  2742 | D:3      | Reached **** piety under Trog
  2749 | D:3      | Killed Robin
  2900 | D:3      | Found an iron altar of Okawaru.
  3109 | D:4      | Noticed Zorot's ghost (novice FoFi)
  3121 | D:4      | Killed Zorot's ghost
  3121 | D:4      | Reached skill level 10 in Axes
  3121 | D:4      | Reached XP level 7. HP: 57/57 MP: 6/6
  3229 | D:4      | Noticed Eustachio
  3241 | D:4      | Killed Eustachio
  3241 | D:4      | Reached skill level 11 in Axes
  3378 | D:4      | Reached XP level 8. HP: 64/64 MP: 7/7
  3434 | D:4      | Found a runed door.
  3438 | D:4      | Noticed Crazy Yiuf
  3460 | D:4      | Killed Crazy Yiuf
  3612 | D:4      | Reached ***** piety under Trog
  3695 | D:4      | Noticed Dowan
  3696 | D:4      | Noticed Duvessa
  3700 | D:4      | Killed Dowan
  3703 | D:4      | Killed Duvessa
  3703 | D:4      | Reached skill level 12 in Axes
  3818 | D:5      | Entered Level 5 of the Dungeon
  3971 | D:5      | Reached skill level 5 in Fighting
  4016 | D:5      | Found a sand-covered staircase.
  4027 | Ossuary  | Entered an ossuary
  4169 | Ossuary  | Lost mutation: You are somewhat resistant to further mutation. [potion of cure mutation]
  4175 | Ossuary  | Gained mutation: You are resistant to electric shocks. (rElec) [potion of mutation]
  4175 | Ossuary  | Gained mutation: You have large cloven feet. [potion of mutation]
  4175 | Ossuary  | Gained mutation: Your flesh is heat resistant. (rF+) [potion of mutation]
  4770 | D:6      | Reached skill level 5 in Armour
  4809 | D:6      | Noticed Apogee's ghost (amateur CeHu)
  4815 | D:6      | Killed Apogee's ghost
  4815 | D:6      | Reached XP level 9. HP: 74/74 MP: 8/8
  4914 | D:6      | Reached skill level 13 in Axes
  5098 | D:7      | Noticed Apogee's ghost (novice MiFi)
  5113 | D:7      | Killed Apogee's ghost
  5413 | D:7      | Received a gift from Trog
  5445 | D:7      | Found a staircase to the Ecumenical Temple.
  5728 | D:7      | Reached skill level 14 in Axes
  5815 | D:8      | Noticed a purple ugly thing
  5816 | D:8      | Noticed a troll
  6144 | D:8      | Reached XP level 10. HP: 57/86 MP: 9/9
  6412 | D:9      | Found Liyc Buo's Weapon Shoppe.
  6439 | D:9      | Found a staircase to the Lair.
  6500 | D:9      | Bought a +4 war axe of flaming for 367 gold pieces
  6562 | D:9      | Reached skill level 15 in Axes
  6766 | D:9      | Found Ellara's Assorted Antiques.
  6795 | D:9      | Reached XP level 11. HP: 69/97 MP: 3/10
  7294 | Lair:1   | Entered Level 1 of the Lair of Beasts
  7340 | Lair:1   | Reached skill level 16 in Axes
  7350 | Lair:1   | Reached ****** piety under Trog
  7360 | Lair:1   | Noticed a seven-headed hydra
  7367 | Lair:1   | Killed a three-headed hydra
  7558 | Lair:1   | Reached skill level 10 in Armour
  7566 | Lair:1   | Reached skill level 10 in Fighting
  7731 | Lair:1   | Found a frozen archway.
  7798 | IceCv    | Entered an ice cave
  8012 | IceCv    | Reached skill level 17 in Axes
  8024 | IceCv    | Received a gift from Trog
  8105 | IceCv    | Reached XP level 12. HP: 58/108 MP: 11/11
  8452 | IceCv    | Identified a scroll of acquirement
  8574 | IceCv    | Noticed a death yak
  8580 | IceCv    | Killed a death yak
  8828 | IceCv    | Noticed a death yak
  8828 | IceCv    | Noticed a frost giant
  8833 | IceCv    | Killed a frost giant
  8833 | IceCv    | Reached skill level 18 in Axes
  8836 | IceCv    | Killed a death yak
 10114 | Lair:2   | Found a staircase to the Shoals.
 10609 | Lair:2   | Found a hole to the Spider Nest.
 10671 | Lair:2   | Reached XP level 13. HP: 98/118 MP: 12/12
 11057 | Lair:2   | Reached skill level 19 in Axes
 11298 | Lair:2   | Received a gift from Trog
 13657 | Lair:5   | Reached skill level 20 in Axes
 13768 | Lair:5   | Received a gift from Trog
 14079 | Lair:6   | Entered Level 6 of the Lair of Beasts
 14405 | Lair:6   | Reached XP level 14. HP: 129/132 MP: 13/13
 14477 | Lair:6   | Noticed Kirke
 14489 | Lair:6   | Killed Kirke
 14825 | Lair:6   | Reached skill level 15 in Fighting
 14981 | Lair:6   | Received a gift from Trog
 14997 | Lair:6   | HP: 4/136 [death yak (11)]
 15033 | Lair:6   | HP: 3/136 [wyvern (6)]
 15038 | Lair:6   | HP: 6/204 [spiny frog (7)]
 15044 | Lair:6   | HP: 6/204 [poisoned by a spiny frog]
 15535 | Lair:6   | Found a staircase to the Slime Pits.
 15668 | Lair:6   | Reached skill level 15 in Armour
 15834 | Lair:6   | Received a gift from Trog
 16541 | Lair:6   | Reached XP level 15. HP: 136/145 MP: 14/14
 16870 | D:10     | Entered Level 10 of the Dungeon
 16965 | D:10     | Found a staircase to the Orcish Mines.
 17438 | Orc:1    | Entered Level 1 of the Orcish Mines
 17618 | D:9      | Bought a warped plate armour for 924 gold pieces
 17628 | D:9      | Identified the +5 plate armour of the Demon Prince {rN++ MR- Stlth+} (You bought it in a shop on level 9 of the Dungeon)
 17721 | Orc:1    | Received a gift from Trog
 17894 | Orc:2    | Entered Level 2 of the Orcish Mines
 17894 | Orc:2    | Found a staircase to the Elven Halls.
 17897 | Orc:2    | Noticed an orc warlord
 17905 | Orc:2    | Paralysed by an orc sorcerer for 7 turns
 17919 | Orc:2    | Killed an orc warlord
 18262 | Orc:1    | Paralysed by an orc sorcerer for 5 turns
 18267 | Orc:1    | Reached skill level 21 in Axes
 18363 | Orc:2    | Found Qyugrur's Book Shoppe.
 18363 | Orc:2    | Found Keso's Distillery.
 18369 | Orc:2    | Found Dacveg's Book Shop.
 18378 | Orc:2    | Found Pasoent's Assorted Antiques.
 18612 | Orc:2    | Received a gift from Trog
 18847 | Orc:2    | Paralysed by an orc sorcerer for 3 turns
 19049 | Orc:2    | Paralysed by an orc sorcerer for 6 turns
 19314 | Spider:1 | Entered Level 1 of the Spider Nest
 19746 | Spider:1 | Received a gift from Trog
 20459 | Spider:2 | Reached skill level 22 in Axes
 21190 | Spider:2 | Noticed a ghost moth
 21195 | Spider:2 | Killed a ghost moth
 21195 | Spider:2 | Reached XP level 16. HP: 141/155 MP: 1/15
 21787 | Spider:3 | Noticed Roxanne
 21787 | Spider:3 | Noticed Azrael
 21800 | Spider:3 | Killed Azrael
 21808 | Spider:3 | Received a gift from Trog
 21878 | Spider:3 | Killed Roxanne
 21879 | Spider:3 | Identified Roxanne's Guide on Transformation (You took it off Roxanne on level 3 of the Spider Nest)
 22279 | Spider:3 | Noticed Arachne
 22304 | Spider:3 | Killed Arachne
 22968 | Spider:4 | Entered Level 4 of the Spider Nest
 23288 | Spider:4 | Reached skill level 23 in Axes
 23628 | Spider:4 | Noticed Aizul
 23642 | Spider:4 | Killed Aizul
 23664 | Spider:4 | Blown up by an orb spider

Skill      XL: |  1  2  3  4  5  6  7  8  9 10 11 12 13 14 15 16 |
---------------+-------------------------------------------------+-----
Axes           | 4 5 6 7 9 10 11 12 14 15 17 18 20 22 23 | 23.2
Fighting       | 5 7 9 10 12 14 16 17 18 | 18.0
Armour         | 5 7 9 10 12 13 15 16 17 | 17.2
Dodging        | |  2.1

Action                   |  1- 3 |  4- 6 |  7- 9 | 10-12 | 13-15 | 16-18 || total
-------------------------+-------+-------+-------+-------+-------+-------++-------
Melee: Hand axe          |    90 |   137 |    61 |       |       |       ||   288
       Headbutt          |     8 |    29 |    63 |   120 |   230 |    66 ||   516
       War axe           |       |       |   172 |    58 |    12 |       ||   242
       Kick              |       |       |    52 |   138 |   327 |       ||   517
       Battleaxe         |       |       |    50 |   164 |   436 |       ||   650
       Broad axe         |       |       |       |   249 |       |       ||   249
       Executioner's axe |       |       |       |       |   549 |   273 ||   822
Invok: Berserk           |       |     5 |     7 |     6 |    10 |     2 ||    30
       Burn Spellbooks   |       |       |     1 |     1 |     3 |       ||     5
       Trog's Hand       |       |       |       |       |     8 |     7 ||    15
       Brothers in Arms  |       |       |       |       |     2 |     1 ||     3
 Abil: Evoke Flight      |       |       |       |       |     1 |       ||     1
  Use: Potion            |     3 |     2 |    11 |       |     3 |       ||    19
       Scroll            |       |       |       |    16 |     4 |       ||    20
 Stab: Distracted        |       |       |       |       |     1 |       ||     1
  Eat: Chunk             |     2 |     9 |    16 |    20 |    47 |    10 ||   104
       Beef jerky        |       |       |       |     1 |       |       ||     1
       Royal jelly       |       |       |       |       |       |     1 ||     1
       Pizza             |       |       |       |       |       |     1 ||     1
Armor: Animal skin       |    24 |     3 |       |       |       |       ||    27
       Plate armour      |       |    85 |   130 |   308 |   852 |   292 ||  1667
Dodge: Dodged            |    59 |    47 |    82 |   168 |   466 |   126 ||   948
Block: Other             |       |       |    13 |    35 |    67 |       ||   115
       Reflection        |       |       |     1 |       |       |       ||     1
